cohdb
Replays
Latest Replays
All Replays
Popular Replays
Top Player Replays
Match Explorer
How It Works
Community
CoH3 Stats
Reddit
Sign in to upload your games and track your stats! →
Sign in with Steam
Match 40402673
Unlisted
Match 40402673
Overview
Messages
Build Orders
End
Engineer Squad
Construct Barracks
Riflemen Squad
Riflemen Squad
1⁄4-ton 4x4 Truck
Construct Medical Station
Grenade Package
Infantry Support Center
Riflemen Squad
M1918 Browning Automatic Rifles
Survival Training
Selects Special Operations Battlegroup
Selects Raiding Flares
Selects SSF Commando Squad
Advanced Logistics
SSF Commando Squad
Selects Air Re-supply Operation
Air Re-Supply Operation
Munitions Surplus
Raiding Flares
Construct Tank Depot
Selects M29 Weasel with M1 Pack Howitzer
Selects Mark Vehicle
Raiding Flares
Mark Vehicle
Selects UNKNOWN (2162291)
Selects UNKNOWN (2162291)
M4A1 Sherman Whizbang
Mark Vehicle
M18 Hellcat Tank Destroyer
Mark Vehicle
M18 Hellcat Tank Destroyer
Mark Vehicle
SSF Commando Squad
Engineer Squad
Mark Vehicle
TwistedTootsy
Max
Leo invictum
deadsadbadmad
0
0
Comments
sign in to comment!
No comments posted yet!